 Dungeon Crawl Stone Soup version 0.29.0-4-gdea44cf6ec (webtiles) character file.

Game seed: 17237184956228160276

22818 qw the Brawler (level 12, -1/119 HPs)
             Began as a Troll Cinder Acolyte on Aug 31, 2022.
             Was an Initiate of Okawaru.
             Slain by a nine-headed hydra (11 damage)
             ... on level 5 of the Lair of Beasts.
             The game lasted 00:06:20 (11381 turns).

qw the Brawler (Troll Cinder Acolyte)              Turns: 11381, Time: 00:06:20

Health: -1/119     AC:  7    Str: 31    XL:     12   Next: 66%
Magic:  13/13      EV: 13    Int: 10    God:    Okawaru [......]
Gold:   962        SH:  5    Dex:  5    Spells: 13/13 levels left

rFire   . . .      SeeInvis .     - Unarmed
rCold   + + .      Faith    .   (no shield)
rNeg    . . .      Spirit   .   o - +1 robe {rC+}
rPois   +          Reflect  +   h - +2 hat
rElec   .          Harm     .   (no cloak)
rCorr   .          Rampage  .   (gloves unavailable)
Will    .....      NoCast   +   (boots unavailable)
Stlth   +.........              u - amulet of Uhi Ompi {Reflect -Cast rC+ Str+2 Slay+2 SH+5}
HPRegen 1.09/turn               r - ring of poison resistance
MPRegen 0.13/turn               f - +4 ring of evasion

@: about to teleport, slowed, fire susceptible, very slow
A: large, unfitting armour, claws 3, regeneration 1, shaggy fur 1, tough skin 1,
high MP 1
a: Renounce Religion


You were on level 5 of the Lair of Beasts.
You worshipped Okawaru.
Okawaru was noncommittal.
You visited 2 branches of the dungeon, and saw 13 of its levels.

You collected 962 gold pieces.


Innate Abilities, Weirdness & Mutations

You are too large for most types of armour.
You have claws for hands.
Your natural rate of healing is unusually fast.
You are covered in fur. (AC +1)
You have tough skin. (AC +1)
You have an increased reservoir of magic. (+10% MP)


   Skills:
 - Level 8.0 Fighting
 + Level 5.3 Throwing
 - Level 1.2 Armour
 - Level 2.1 Dodging
 - Level 18.1 Unarmed Combat
 - Level 1.0 Spellcasting
 - Level 2.1 Fire Magic


You had 13 spell levels left.
You didn't know any spells.
Your spell library contained the following spells:

 Spells                   Type           Power      Damage    Failure   Level
 Scorch                   Fire           8%         2d5       22%         2

Inventory:

Missiles
 c - 11 boomerangs
 l - 6 silver boomerangs
 n - a large rock (quivered)
 q - a javelin
Armour
 h - a +2 hat (worn)
 o - a +1 robe of cold resistance (worn)
Jewellery
 e - a ring of fire
 f - a +4 ring of evasion (right claw)
 m - a ring of resist corrosion
 r - a ring of poison resistance (left claw)
 u - the amulet of Uhi Ompi (around neck) {Reflect -Cast rC+ Str+2 Slay+2 SH+5}
   (You acquired it on level 5 of the Dungeon)

   [amulet of reflection]

   It reflects blocked missile attacks.
   Str:       It affects your strength (+2).
   Slay:      It affects your accuracy & damage with ranged weapons and melee
   (+2).
   rC:        It protects you from cold.
   -Cast:     It prevents spellcasting.
   SH:        It affects your SH (+5).
Scrolls
 j - 2 scrolls of enchant weapon
 p - 5 scrolls of identify
Potions
 b - a potion of mutation
 d - 2 potions of heal wounds
 g - 3 potions of haste
 i - a potion of cancellation
 k - 3 potions of might
 s - 3 potions of curing

Dungeon Overview and Level Annotations

Branches:
Dungeon (8/15)             Temple (0/1) D:7            Lair (5/5) D:8
 Shoals (0/4) Lair:2       Spider (0/4) Lair:3
  Slime: Lair:4-5

Altars:
Elyvilon
Gozag
Kikubaaqudgha
Makhleb
Okawaru
Zin
The Shining One

Annotations:
D:8 3 runed translucent doors, qw's ghost, novice TeWr
Lair:3 2 transporters, qw's ghost, journeyman TrCA


Message History

You block the seven-headed hydra's attack.
The seven-headed hydra bites you. The seven-headed hydra misses you. x2
The seven-headed hydra bites you! The seven-headed hydra bites you.
The seven-headed hydra bites you but does no damage.
You tear one of the seven-headed hydra's heads off!
The six-headed hydra grows two more!
You claw the eight-headed hydra!
The eight-headed hydra is lightly wounded.
You block the yak's attack.
You barely miss the eight-headed hydra.
The eight-headed hydra is lightly wounded.
The eight-headed hydra barely misses you. x2
The eight-headed hydra bites you.
The eight-headed hydra bites you but does no damage.
The eight-headed hydra bites you!
The eight-headed hydra barely misses you.
The eight-headed hydra bites you.
The eight-headed hydra bites you but does no damage.
The yak gores you. x2
You tear one of the eight-headed hydra's heads off!
The seven-headed hydra grows two more!
You scratch the nine-headed hydra.
The nine-headed hydra is lightly wounded.
You barely miss the nine-headed hydra.
The nine-headed hydra is lightly wounded.
The nine-headed hydra barely misses you.
The nine-headed hydra bites you! x2
The nine-headed hydra barely misses you.
The nine-headed hydra bites you!
The nine-headed hydra bites you but does no damage.
The nine-headed hydra bites you! x3; The yak gores you.
The yak gores you!
A torpor snail comes into view.
Being near the torpor snail leaves you feeling lethargic.
11381 ||| READING scroll of teleportation.
As you read the scroll of teleportation, it crumbles to dust.
You feel strangely unstable.
The nine-headed hydra barely misses you.
You block the nine-headed hydra's attack.
The nine-headed hydra misses you.
The nine-headed hydra closely misses you. x2
The nine-headed hydra bites you!
You die...

##.. .###.
#.....(..#
........
.....w.
#Y....
##.7.#
#YDY.##
##Yl...##
#@DYS...#
##YY...##
##YY.##
...7.#
.......#
...........
#./..Y.....#
.##........#
....#.


You could see a nine-headed hydra, a four-headed hydra, a torpor snail, a komodo
dragon, 9 yaks and a water moccasin.

Vanquished Creatures
  2 hydras
  A two-headed ogre (D:8)
  A death yak (Lair:4)
  4 black mambas
  An elephant (Lair:3)
  2 torpor snails (Lair:4)
  6 cane toads
  3 rime drakes
  7 komodo dragons
  A polar bear (Lair:2)
  A troll (D:7)
  12 blink frogs (Lair:4)
  2 spriggans (Lair:3)
  16 yaks
  4 basilisks
  2 wyverns
  Eustachio (D:4)
  3 steam dragons
  A redback (Lair:3)
  Edmund (D:6)
  24 water moccasins
  An orc warrior (D:8)
  2 ice beasts
  A sky beast (D:6)
  16 wolves
  An ogre (D:7)
  A kobold brigand (D:6)
  11 bullfrogs
  3 scorpions
  4 wights (D:8)
  9 killer bees (D:8)
  A howler monkey (D:8)
  4 electric eels
  A gnoll bouda (D:4)
  3 jellies
  4 hounds
  4 orc priests
  Ijyb (D:5)
  5 iguanas
  6 orc wizards
  6 hell rats (Lair:4)
  Robin (D:2)
  19 adders
  9 gnolls
  A white imp (D:7)
  5 ufetubi
  3 worms
  2 dart slugs
  18 orcs
  4 ball pythons
  A bat zombie (D:5)
  7 endoplasms
  4 giant cockroaches
  15 goblins
  14 hobgoblins
  A jackal (D:3)
  2 quokkas (D:1)
  9 bats
  3 frilled lizards
  16 kobolds
  6 rats
  4 rat zombies (D:5)
323 creatures vanquished.

Vanquished Creatures (others)
  28 fungi
  63 plants
91 creatures vanquished.

Grand Total: 414 creatures vanquished

Notes
Turn   | Place    | Note
-------+----------+-------------------------------------------
     0 | D:1      | qw the Troll Cinder Acolyte began the quest for the Orb.
     0 | D:1      | Reached XP level 1. HP: 22/22 MP: 1/1
     0 | D:1      | 0 ||| qw: Version: 0.1-a-97-g2dd2ca4
     0 | D:1      | 0 ||| qw: Game counter: 4487
     0 | D:1      | 0 ||| qw: Always use a shield: true
     0 | D:1      | 0 ||| qw: God list: Okawaru
     0 | D:1      | 0 ||| qw: Allow faded altars: false
     0 | D:1      | 0 ||| qw: Do Orc after D:15 true
     0 | D:1      | 0 ||| qw: Do second Lair branch before Depths: true
     0 | D:1      | 0 ||| qw: Lair rune preference: random
     0 | D:1      | 0 ||| qw: Plans: Normal
     0 | D:1      | 0 ||| PLANNING D:1-11
    68 | D:1      | 68 ||| Stepping ~*~*~tactically~*~*~ (stealth).
    73 | D:1      | 73 ||| Stepping ~*~*~tactically~*~*~ (outnumbered).
   119 | D:1      | Reached XP level 2. HP: 29/29 MP: 2/2
   372 | D:1      | Reached skill level 4 in Unarmed Combat
   575 | D:1      | Reached XP level 3. HP: 33/36 MP: 3/3
   694 | D:1      | 694 ||| UPGRADING to +2 hat.
   699 | D:1      | 699 ||| READING scroll labelled VORUELUUGU.
   700 | D:1      | 700 ||| READING scroll labelled RUKHLO VUEMA.
   701 | D:1      | 701 ||| READING scroll labelled QOITA GEOKLAINN.
   846 | D:2      | 846 ||| Stepping ~*~*~tactically~*~*~ (stealth).
   850 | D:2      | Noticed Robin
   860 | D:2      | 860 ||| INVOKING Fiery Armour.
   865 | D:2      | Killed Robin
   897 | D:2      | Reached skill level 5 in Unarmed Combat
   897 | D:2      | Reached XP level 4. HP: 44/44 MP: 4/4
   960 | D:2      | 960 ||| Stepping ~*~*~tactically~*~*~ (stealth).
  1480 | D:2      | 1480 ||| Stepping ~*~*~tactically~*~*~ (hiding).
  1517 | D:2      | 1517 ||| READING 2 scrolls labelled WETODW OHUIB.
  1518 | D:2      | 1518 ||| READING scroll labelled HAEQ RUAZEMUST.
  1519 | D:2      | 1519 ||| READING scroll labelled ODINIE MUUCHI.
  1620 | D:2      | 1620 ||| READING scroll labelled SOLELL BEIRPH.
  1624 | D:2      | 1624 ||| DROPPING scroll of blinking.
  1657 | D:3      | 1657 ||| Stepping randomly (stuck).
  1696 | D:3      | 1696 ||| Stepping ~*~*~tactically~*~*~ (stealth).
  1743 | D:3      | 1743 ||| Stepping ~*~*~tactically~*~*~ (stealth).
  1958 | D:3      | Reached skill level 1 in Throwing
  1958 | D:3      | Reached XP level 5. HP: 50/50 MP: 5/5
  2083 | D:3      | 2083 ||| UPGRADING to ring of resist corrosion.
  2084 | D:3      | 2084 ||| READING scroll labelled UVUDABR BEILOZ.
  2085 | D:3      | 2085 ||| READING scroll labelled ZIMEEN GEKUIWK.
  2086 | D:3      | 2086 ||| READING scroll labelled COS JOUNIURIED.
  2201 | D:4      | 2201 ||| Stepping ~*~*~tactically~*~*~ (stealth).
  2203 | D:4      | 2203 ||| Stepping ~*~*~tactically~*~*~ (stealth).
  2267 | D:4      | Reached skill level 6 in Unarmed Combat
  2299 | D:4      | 2299 ||| INVOKING Fiery Armour.
  2338 | D:4      | Reached XP level 6. HP: 59/59 MP: 6/6
  2385 | D:4      | Noticed an ice beast
  2392 | D:4      | Killed an ice beast
  2393 | D:4      | Reached skill level 7 in Unarmed Combat
  2401 | D:4      | Noticed Eustachio
  2402 | D:4      | 2402 ||| Stepping ~*~*~tactically~*~*~ (stealth).
  2403 | D:4      | 2403 ||| Stepping ~*~*~tactically~*~*~ (stealth).
  2404 | D:4      | 2404 ||| Stepping ~*~*~tactically~*~*~ (stealth).
  2415 | D:4      | 2415 ||| Stepping ~*~*~tactically~*~*~ (outnumbered).
  2416 | D:4      | 2416 ||| Stepping ~*~*~tactically~*~*~ (outnumbered).
  2422 | D:4      | Killed Eustachio
  2449 | D:4      | Found an opulent altar of Gozag.
  2523 | D:4      | Reached XP level 7. HP: 66/66 MP: 7/7
  2628 | D:4      | Reached skill level 8 in Unarmed Combat
  2797 | D:4      | 2797 ||| Stepping ~*~*~tactically~*~*~ (stealth).
  2930 | D:4      | 2930 ||| Stepping ~*~*~tactically~*~*~ (hiding).
  2935 | D:4      | Reached skill level 3 in Fighting
  2938 | D:4      | 2938 ||| Stepping ~*~*~tactically~*~*~ (outnumbered).
  2939 | D:4      | 2939 ||| Stepping ~*~*~tactically~*~*~ (outnumbered).
  2940 | D:4      | 2940 ||| Stepping ~*~*~tactically~*~*~ (outnumbered).
  2941 | D:4      | 2941 ||| Stepping ~*~*~tactically~*~*~ (outnumbered).
  3230 | D:4      | 3230 ||| UPGRADING to +4 ring of evasion.
  3231 | D:4      | 3231 ||| READING scroll labelled LOEWAM UMIO.
  3232 | D:4      | 3232 ||| DRINKING 2 murky grey potions.
  3232 | D:4      | Gained mutation: You have an increased reservoir of magic.
                  | (+10% MP) [potion of mutation]
  3242 | D:4      | 3242 ||| DRINKING 2 emerald potions.
  3243 | D:4      | 3243 ||| DRINKING 2 white potions.
  3244 | D:4      | 3244 ||| DROPPING potion of magic.
  3307 | D:3      | 3307 ||| Stepping ~*~*~tactically~*~*~ (stealth).
  3339 | D:3      | 3339 ||| DRINKING 2 red potions.
  3378 | D:5      | Entered Level 5 of the Dungeon
  3521 | D:5      | Found a glowing silver altar of Zin.
  3682 | D:5      | 3682 ||| Stepping ~*~*~tactically~*~*~ (hiding).
  3968 | D:5      | 3968 ||| Stepping ~*~*~tactically~*~*~ (stealth).
  3989 | D:5      | Found an ancient bone altar of Kikubaaqudgha.
  4225 | D:5      | Found an iron altar of Okawaru.
  4228 | D:5      | Found a white marble altar of Elyvilon.
  4232 | D:5      | Noticed Ijyb
  4237 | D:5      | Killed Ijyb
  4238 | D:5      | Reached skill level 3 in Throwing
  4307 | D:5      | 4307 ||| DROPPING ring of magical power.
  4308 | D:5      | 4308 ||| READING 2 scrolls of identify.
  4308 | D:5      | 4308 ||| IDENTIFYING bubbling orange potion
  4390 | D:5      | 4390 ||| READING 2 scrolls of teleportation.
  4391 | D:5      | 4391 ||| STAIRDANCE
  4505 | D:5      | 4505 ||| READING scroll of teleportation.
  4506 | D:5      | 4506 ||| STAIRDANCE
  4545 | D:6      | 4545 ||| INVOKING Fiery Armour.
  4554 | D:6      | Reached XP level 8. HP: 58/75 MP: 9/9
  4556 | D:6      | Reached skill level 9 in Unarmed Combat
  4560 | D:6      | Reached skill level 1 in Dodging
  4633 | D:6      | Noticed Edmund
  4636 | D:6      | Killed Edmund
  4771 | D:6      | 4771 ||| Stepping ~*~*~tactically~*~*~ (hiding).
  4773 | D:6      | 4773 ||| Stepping ~*~*~tactically~*~*~ (hiding).
  4799 | D:6      | 4799 ||| Stepping ~*~*~tactically~*~*~ (stealth).
  4831 | D:6      | 4831 ||| FLEEEEING.
  4832 | D:6      | 4832 ||| FLEEEEING.
  4833 | D:6      | 4833 ||| FLEEEEING.
  4834 | D:6      | 4834 ||| FLEEEEING.
  4835 | D:6      | 4835 ||| FLEEEEING.
  4836 | D:6      | 4836 ||| FLEEEEING.
  4837 | D:6      | 4837 ||| FLEEEEING.
  4838 | D:6      | 4838 ||| FLEEEEING.
  4839 | D:6      | 4839 ||| FLEEEEING.
  4846 | D:6      | 4846 ||| FLEEEEING.
  4851 | D:6      | 4851 ||| FLEEEEING.
  4852 | D:6      | 4852 ||| FLEEEEING.
  4857 | D:6      | 4857 ||| FLEEEEING.
  4859 | D:6      | 4859 ||| FLEEEEING.
  4861 | D:6      | 4861 ||| FLEEEEING.
  5034 | D:6      | 5034 ||| Stepping ~*~*~tactically~*~*~ (stealth).
  5037 | D:6      | 5037 ||| Stepping ~*~*~tactically~*~*~ (stealth).
  5105 | D:6      | 5105 ||| READING scroll labelled UGIBROAVUN.
  5106 | D:6      | 5106 ||| READING scroll labelled XALAAGA GIES.
  5141 | D:6      | 5141 ||| READING 3 scrolls of identify.
  5141 | D:6      | 5141 ||| IDENTIFYING fuming orange potion
  5142 | D:6      | 5142 ||| READING 2 scrolls of identify.
  5142 | D:6      | 5142 ||| IDENTIFYING fuming red potion
  5143 | D:6      | 5143 ||| DROPPING potion of ambrosia.
  5154 | D:5      | 5154 ||| READING scroll of teleportation.
  5316 | D:7      | Noticed a troll
  5317 | D:7      | 5317 ||| Stepping ~*~*~tactically~*~*~ (stealth).
  5319 | D:7      | Reached skill level 10 in Unarmed Combat
  5323 | D:7      | Killed a troll
  5324 | D:7      | 5324 ||| FLEEEEING.
  5325 | D:7      | 5325 ||| STAIRDANCE
  5334 | D:7      | 5334 ||| STAIRDANCE
  5351 | D:7      | 5351 ||| STAIRDANCE
  5367 | D:7      | 5367 ||| STAIRDANCE
  5402 | D:7      | 5402 ||| Stepping ~*~*~tactically~*~*~ (hiding).
  5412 | D:7      | Reached XP level 9. HP: 73/84 MP: 10/10
  5436 | D:7      | Found a staircase to the Ecumenical Temple.
  5658 | D:7      | Found a burning altar of Makhleb.
  5803 | D:8      | Noticed a kobold demonologist
  5890 | D:8      | 5890 ||| Stepping ~*~*~tactically~*~*~ (hiding).
  5904 | D:8      | Reached skill level 11 in Unarmed Combat
  5917 | D:8      | 5917 ||| Stepping ~*~*~tactically~*~*~ (hiding).
  5932 | D:8      | Noticed a komodo dragon
  5937 | D:8      | Killed a komodo dragon
  6028 | D:8      | Found a staircase to the Lair.
  6094 | D:8      | Found a glowing golden altar of the Shining One.
  6135 | D:8      | 6135 ||| Stepping ~*~*~tactically~*~*~ (outnumbered).
  6136 | D:8      | 6136 ||| Stepping ~*~*~tactically~*~*~ (outnumbered).
  6137 | D:8      | 6137 ||| Stepping ~*~*~tactically~*~*~ (outnumbered).
  6138 | D:8      | 6138 ||| Stepping ~*~*~tactically~*~*~ (outnumbered).
  6139 | D:8      | 6139 ||| Stepping ~*~*~tactically~*~*~ (outnumbered).
  6145 | D:8      | 6145 ||| INVOKING Fiery Armour.
  6152 | D:8      | Reached skill level 12 in Unarmed Combat
  6222 | D:8      | 6222 ||| Stepping ~*~*~tactically~*~*~ (outnumbered).
  6223 | D:8      | 6223 ||| Stepping ~*~*~tactically~*~*~ (outnumbered).
  6226 | D:8      | 6226 ||| Stepping ~*~*~tactically~*~*~ (outnumbered).
  6231 | D:8      | 6231 ||| Stepping ~*~*~tactically~*~*~ (outnumbered).
  6243 | D:8      | 6243 ||| Stepping ~*~*~tactically~*~*~ (outnumbered).
  6294 | D:8      | Noticed a two-headed ogre
  6301 | D:8      | 6301 ||| INVOKING Fiery Armour.
  6306 | D:8      | Killed a two-headed ogre
  6307 | D:8      | Reached XP level 10. HP: 28/96 MP: 11/11
  6318 | D:8      | 6318 ||| FLEEEEING.
  6319 | D:8      | 6319 ||| FLEEEEING.
  6320 | D:8      | 6320 ||| FLEEEEING.
  6321 | D:8      | 6321 ||| FLEEEEING.
  6322 | D:8      | 6322 ||| FLEEEEING.
  6323 | D:8      | 6323 ||| FLEEEEING.
  6324 | D:8      | 6324 ||| FLEEEEING.
  6325 | D:8      | 6325 ||| FLEEEEING.
  6326 | D:8      | 6326 ||| FLEEEEING.
  6327 | D:8      | 6327 ||| FLEEEEING.
  6328 | D:8      | 6328 ||| STAIRDANCE
  6373 | D:7      | 6373 ||| UPGRADING to +1 robe of cold resistance.
  6383 | D:7      | 6383 ||| DROPPING +0 robe.
  6384 | D:7      | 6384 ||| UPGRADING to ring of poison resistance.
  6386 | D:7      | 6386 ||| READING scroll labelled ZOXUUC IBBENORAG.
  6390 | D:8      | 6390 ||| STAIRDANCE
  6535 | D:8      | 6535 ||| Stepping ~*~*~tactically~*~*~ (outnumbered).
  6536 | D:8      | 6536 ||| Stepping ~*~*~tactically~*~*~ (outnumbered).
  6537 | D:8      | 6537 ||| Stepping ~*~*~tactically~*~*~ (outnumbered).
  6538 | D:8      | 6538 ||| Stepping ~*~*~tactically~*~*~ (outnumbered).
  6539 | D:8      | 6539 ||| Stepping ~*~*~tactically~*~*~ (outnumbered).
  6540 | D:8      | 6540 ||| Stepping ~*~*~tactically~*~*~ (outnumbered).
  6541 | D:8      | 6541 ||| Stepping ~*~*~tactically~*~*~ (outnumbered).
  6542 | D:8      | 6542 ||| Stepping ~*~*~tactically~*~*~ (outnumbered).
  6542 | D:8      | Found a runed translucent gate.
  6542 | D:8      | Found a runed translucent gate.
  6542 | D:8      | Found a runed translucent gate.
  6542 | D:8      | Noticed qw's ghost (novice TeWr)
  6543 | D:8      | 6543 ||| Stepping ~*~*~tactically~*~*~ (outnumbered).
  6742 | D:8      | 6742 ||| READING scroll of teleportation.
  6743 | D:8      | 6743 ||| PLANNING LAIR
  6855 | Lair:1   | Entered Level 1 of the Lair of Beasts
  6862 | Lair:1   | Noticed a cane toad
  6863 | Lair:1   | 6863 ||| Stepping ~*~*~tactically~*~*~ (stealth).
  6864 | Lair:1   | 6864 ||| Stepping ~*~*~tactically~*~*~ (stealth).
  6868 | Lair:1   | Killed a cane toad
  6869 | Lair:1   | Reached skill level 13 in Unarmed Combat
  6991 | Lair:1   | Noticed a cane toad
  7001 | Lair:1   | Killed a cane toad
  7049 | Lair:1   | 7049 ||| Stepping ~*~*~tactically~*~*~ (stealth).
  7052 | Lair:1   | 7052 ||| Stepping ~*~*~tactically~*~*~ (stealth).
  7057 | Lair:1   | Reached skill level 14 in Unarmed Combat
  7062 | Lair:1   | 7062 ||| Stepping ~*~*~tactically~*~*~ (hiding).
  7069 | Lair:1   | 7069 ||| INVOKING Fiery Armour.
  7071 | Lair:1   | 7071 ||| Stepping ~*~*~tactically~*~*~ (outnumbered).
  7073 | Lair:1   | 7073 ||| Stepping ~*~*~tactically~*~*~ (outnumbered).
  7074 | Lair:1   | 7074 ||| Stepping ~*~*~tactically~*~*~ (outnumbered).
  7077 | Lair:1   | 7077 ||| Stepping ~*~*~tactically~*~*~ (outnumbered).
  7078 | Lair:1   | 7078 ||| Stepping ~*~*~tactically~*~*~ (outnumbered).
  7079 | Lair:1   | 7079 ||| Stepping ~*~*~tactically~*~*~ (outnumbered).
  7081 | Lair:1   | 7081 ||| Stepping ~*~*~tactically~*~*~ (outnumbered).
  7083 | Lair:1   | 7083 ||| Stepping ~*~*~tactically~*~*~ (outnumbered).
  7093 | Lair:1   | Reached skill level 6 in Fighting
  7133 | Lair:1   | Noticed a black mamba
  7137 | Lair:1   | Killed a black mamba
  7159 | Lair:1   | Identified the +5 ring mail of the New World {Str+3 Dex+4}
  7206 | Lair:1   | 7206 ||| INVOKING Fiery Armour.
  7267 | Lair:1   | 7267 ||| Stepping ~*~*~tactically~*~*~ (stealth).
  7268 | Lair:1   | 7268 ||| Stepping ~*~*~tactically~*~*~ (stealth).
  7319 | Lair:1   | Reached XP level 11. HP: 105/105 MP: 12/12
  7378 | Lair:1   | 7378 ||| INVOKING Fiery Armour.
  7391 | Lair:1   | Reached skill level 15 in Unarmed Combat
  7504 | Lair:1   | 7504 ||| Stepping ~*~*~tactically~*~*~ (stealth).
  7522 | Lair:1   | 7522 ||| Stepping ~*~*~tactically~*~*~ (outnumbered).
  8077 | Lair:1   | 8077 ||| DRINKING 2 sapphire potions.
  8078 | Lair:1   | 8078 ||| READING 3 scrolls of identify.
  8078 | Lair:1   | 8078 ||| IDENTIFYING metallic ruby potion
  8079 | Lair:1   | 8079 ||| READING 2 scrolls of identify.
  8079 | Lair:1   | 8079 ||| IDENTIFYING silvery potion
  8080 | Lair:1   | 8080 ||| DROPPING potion of invisibility.
  8081 | Lair:1   | 8081 ||| DROPPING potion of attraction.
  8209 | Lair:2   | 8209 ||| Stepping ~*~*~tactically~*~*~ (stealth).
  8210 | Lair:2   | 8210 ||| Stepping ~*~*~tactically~*~*~ (stealth).
  8220 | Lair:2   | 8220 ||| Stepping ~*~*~tactically~*~*~ (outnumbered).
  8221 | Lair:2   | 8221 ||| Stepping ~*~*~tactically~*~*~ (outnumbered).
  8222 | Lair:2   | 8222 ||| Stepping ~*~*~tactically~*~*~ (outnumbered).
  8223 | Lair:2   | 8223 ||| Stepping ~*~*~tactically~*~*~ (outnumbered).
  8225 | Lair:2   | 8225 ||| Stepping ~*~*~tactically~*~*~ (outnumbered).
  8226 | Lair:2   | 8226 ||| Stepping ~*~*~tactically~*~*~ (outnumbered).
  8227 | Lair:2   | 8227 ||| Stepping ~*~*~tactically~*~*~ (outnumbered).
  8235 | Lair:2   | Reached skill level 16 in Unarmed Combat
  8236 | Lair:2   | 8236 ||| Stepping ~*~*~tactically~*~*~ (outnumbered).
  8238 | Lair:2   | 8238 ||| Stepping ~*~*~tactically~*~*~ (outnumbered).
  8239 | Lair:2   | 8239 ||| Stepping ~*~*~tactically~*~*~ (outnumbered).
  8240 | Lair:2   | 8240 ||| Stepping ~*~*~tactically~*~*~ (outnumbered).
  8283 | Lair:2   | Found a staircase to the Shoals.
  8323 | Lair:2   | 8323 ||| Stepping ~*~*~tactically~*~*~ (stealth).
  8330 | Lair:2   | 8330 ||| Stepping ~*~*~tactically~*~*~ (outnumbered).
  8333 | Lair:2   | 8333 ||| Stepping ~*~*~tactically~*~*~ (outnumbered).
  8334 | Lair:2   | 8334 ||| Stepping ~*~*~tactically~*~*~ (outnumbered).
  8335 | Lair:2   | 8335 ||| Stepping ~*~*~tactically~*~*~ (outnumbered).
  8337 | Lair:2   | 8337 ||| Stepping ~*~*~tactically~*~*~ (outnumbered).
  8419 | Lair:2   | 8419 ||| INVOKING Fiery Armour.
  8499 | Lair:2   | 8499 ||| Stepping ~*~*~tactically~*~*~ (stealth).
  8537 | Lair:2   | 8537 ||| Stepping ~*~*~tactically~*~*~ (stealth).
  8539 | Lair:2   | Noticed a six-headed hydra
  8540 | Lair:2   | 8540 ||| Stepping ~*~*~tactically~*~*~ (hiding).
  8541 | Lair:2   | 8541 ||| Stepping ~*~*~tactically~*~*~ (stealth).
  8544 | Lair:2   | 8544 ||| INVOKING Fiery Armour.
  8551 | Lair:2   | Killed an eight-headed hydra
  9020 | Lair:3   | 9020 ||| STAIRDANCE
  9033 | Lair:3   | 9033 ||| STAIRDANCE
  9153 | Lair:3   | Found a hole to the Spider Nest.
  9194 | Lair:3   | Reached XP level 12. HP: 113/118 MP: 13/13
  9471 | Lair:3   | Found a transporter.
  9473 | Lair:3   | 9473 ||| Stepping ~*~*~tactically~*~*~ (stealth).
  9482 | Lair:3   | Found a transporter.
  9482 | Lair:3   | Noticed qw's ghost (journeyman TrCA)
  9506 | Lair:3   | Reached skill level 17 in Unarmed Combat
  9604 | Lair:3   | 9604 ||| INVOKING Fiery Armour.
  9738 | Lair:3   | 9738 ||| Stepping ~*~*~tactically~*~*~ (stealth).
  9909 | Lair:3   | 9909 ||| Stepping ~*~*~tactically~*~*~ (stealth).
 10184 | Lair:4   | Noticed a death yak
 10185 | Lair:4   | 10185 ||| Stepping ~*~*~tactically~*~*~ (stealth).
 10196 | Lair:4   | 10196 ||| INVOKING Fiery Armour.
 10197 | Lair:4   | 10197 ||| Stepping ~*~*~tactically~*~*~ (stealth).
 10202 | Lair:4   | Killed a death yak
 10239 | Lair:4   | 10239 ||| Stepping ~*~*~tactically~*~*~ (stealth).
 10322 | Lair:4   | 10322 ||| Stepping ~*~*~tactically~*~*~ (stealth).
 10328 | Lair:4   | 10328 ||| Stepping ~*~*~tactically~*~*~ (stealth).
 10330 | Lair:4   | 10330 ||| Stepping ~*~*~tactically~*~*~ (stealth).
 10332 | Lair:4   | 10332 ||| Stepping ~*~*~tactically~*~*~ (stealth).
 10345 | Lair:4   | 10345 ||| Stepping ~*~*~tactically~*~*~ (stealth).
 10346 | Lair:4   | 10346 ||| Stepping ~*~*~tactically~*~*~ (stealth).
 10347 | Lair:4   | 10347 ||| Stepping ~*~*~tactically~*~*~ (stealth).
 10348 | Lair:4   | 10348 ||| Stepping ~*~*~tactically~*~*~ (stealth).
 10351 | Lair:4   | 10351 ||| Stepping ~*~*~tactically~*~*~ (stealth).
 10352 | Lair:4   | 10352 ||| INVOKING Fiery Armour.
 10354 | Lair:4   | 10354 ||| Stepping ~*~*~tactically~*~*~ (outnumbered).
 10355 | Lair:4   | 10355 ||| Stepping ~*~*~tactically~*~*~ (outnumbered).
 10357 | Lair:4   | 10357 ||| Stepping ~*~*~tactically~*~*~ (outnumbered).
 10358 | Lair:4   | 10358 ||| Stepping ~*~*~tactically~*~*~ (outnumbered).
 10359 | Lair:4   | 10359 ||| Stepping ~*~*~tactically~*~*~ (outnumbered).
 10362 | Lair:4   | HP: 18/107 [hell rat (13)]
 10363 | Lair:4   | 10363 ||| READING 2 scrolls of teleportation.
 10364 | Lair:4   | 10364 ||| DRINKING 3 potions of heal wounds.
 10374 | Lair:4   | 10374 ||| Stepping ~*~*~tactically~*~*~ (stealth).
 10375 | Lair:4   | 10375 ||| Stepping ~*~*~tactically~*~*~ (stealth).
 10376 | Lair:4   | 10376 ||| Stepping ~*~*~tactically~*~*~ (stealth).
 10397 | Lair:4   | 10397 ||| Stepping ~*~*~tactically~*~*~ (stealth).
 10456 | Lair:4   | 10456 ||| Stepping ~*~*~tactically~*~*~ (stealth).
 10459 | Lair:4   | Noticed a six-headed hydra
 10460 | Lair:4   | 10460 ||| Stepping ~*~*~tactically~*~*~ (stealth).
 10468 | Lair:4   | Killed an eight-headed hydra
 10469 | Lair:4   | Reached skill level 18 in Unarmed Combat
 10496 | Lair:4   | 10496 ||| FLEEEEING.
 10497 | Lair:4   | 10497 ||| FLEEEEING.
 10498 | Lair:4   | 10498 ||| FLEEEEING.
 10499 | Lair:4   | 10499 ||| FLEEEEING.
 10500 | Lair:4   | 10500 ||| FLEEEEING.
 10501 | Lair:4   | 10501 ||| FLEEEEING.
 10502 | Lair:4   | 10502 ||| FLEEEEING.
 10504 | Lair:4   | 10504 ||| FLEEEEING.
 10506 | Lair:4   | 10506 ||| FLEEEEING.
 10507 | Lair:4   | 10507 ||| FLEEEEING.
 10508 | Lair:4   | 10508 ||| FLEEEEING.
 10509 | Lair:4   | 10509 ||| FLEEEEING.
 10511 | Lair:4   | 10511 ||| FLEEEEING.
 10512 | Lair:4   | 10512 ||| FLEEEEING.
 10513 | Lair:4   | 10513 ||| FLEEEEING.
 10514 | Lair:4   | 10514 ||| FLEEEEING.
 10515 | Lair:4   | 10515 ||| FLEEEEING.
 10516 | Lair:4   | 10516 ||| FLEEEEING.
 10518 | Lair:4   | 10518 ||| FLEEEEING.
 10519 | Lair:4   | 10519 ||| Stepping ~*~*~tactically~*~*~ (stealth).
 10523 | Lair:4   | 10523 ||| Stepping ~*~*~tactically~*~*~ (stealth).
 10656 | Lair:4   | 10656 ||| Stepping ~*~*~tactically~*~*~ (stealth).
 10664 | Lair:4   | 10664 ||| Stepping ~*~*~tactically~*~*~ (stealth).
 10697 | Lair:4   | Reached skill level 1 in Armour
 10712 | Lair:4   | 10712 ||| Stepping ~*~*~tactically~*~*~ (stealth).
 10732 | Lair:4   | 10732 ||| Stepping ~*~*~tactically~*~*~ (stealth).
 10733 | Lair:4   | 10733 ||| Stepping ~*~*~tactically~*~*~ (stealth).
 10736 | Lair:4   | 10736 ||| Stepping ~*~*~tactically~*~*~ (hiding).
 10955 | Lair:4   | 10955 ||| PLANNING CONVERSION TO OKAWARU
 11158 | D:5      | Fell from the grace of Ignis
 11158 | D:5      | Became a worshipper of Warmaster Okawaru
 11159 | D:5      | 11159 ||| PLANNING LAIR
 11159 | D:5      | 11159 ||| READING scroll labelled KAXKUS KEYHUNK.
 11159 | D:5      | Identified a scroll of acquirement
 11159 | D:5      | 11159 ||| ACQUIRING amulet of Uhi Ompi {Reflect -Cast rC+
                  | Str+2 Slay+2 SH+5}
 11159 | D:5      | Acquired the amulet of Uhi Ompi {Reflect -Cast rC+ Str+2
                  | Slay+2 SH+5}
 11161 | D:5      | 11161 ||| UPGRADING to amulet of Uhi Ompi {Reflect -Cast
                  | rC+ Str+2 Slay+2 SH+5}.
 11166 | D:5      | 11166 ||| READING 6 scrolls of identify.
 11166 | D:5      | 11166 ||| IDENTIFYING lumpy grey potion
 11167 | D:5      | 11167 ||| DROPPING potion of flight.
 11367 | Lair:5   | Entered Level 5 of the Lair of Beasts
 11369 | Lair:5   | 11369 ||| Stepping ~*~*~tactically~*~*~ (stealth).
 11369 | Lair:5   | Noticed a seven-headed hydra
 11370 | Lair:5   | 11370 ||| Stepping ~*~*~tactically~*~*~ (stealth).
 11371 | Lair:5   | Noticed a four-headed hydra
 11372 | Lair:5   | 11372 ||| Stepping ~*~*~tactically~*~*~ (stealth).
 11373 | Lair:5   | 11373 ||| Stepping ~*~*~tactically~*~*~ (stealth).
 11375 | Lair:5   | 11375 ||| Stepping ~*~*~tactically~*~*~ (outnumbered).
 11380 | Lair:5   | HP: 23/119 [nine-headed hydra (10)]
 11380 | Lair:5   | HP: 8/119 [yak (12)]
 11381 | Lair:5   | 11381 ||| READING scroll of teleportation.
 11381 | Lair:5   | Slain by a nine-headed hydra

Levels and vault maps discovered:
D:1:      eino_arrival_druids_welcome, layout_loops_ring
D:2:      layout_loops_ring, uniq_robin
D:3:      minmay_diamond_boxcup, layout_rooms
D:4:      layout_layer_cave, grunt_gozag_breadcrumbs, minmay_cut_off,
          uniq_eustachio
D:5:      layout_layer_cave, nicolae_overflow_squiral,
          lemuel_zombie_altar_kikubaaqudgha, nicolae_overflow_hidden_temple,
          uniq_ijyb
D:6:      cheibrodos_thug_alley, layout_rooms, uniq_edmund
D:7:      layout_cave_pools, kennysheep_mini_moat, minmay_temple_entry_arrows,
          eino_tiny_chamber
D:8:      layout_cave_pools, nicolae_overflow_crystal_walls, erik_lair_dragon,
          gammafunk_ghost_nasty_kobolds
Lair:1:   lemuel_reptile_caves, layout_loops_ring, grunt_megastairs_3,
          serial_bayou_shore_a
Lair:2:   layout_loops_ring, elwin_shoals_entry_rocks
Lair:3:   wad_woods_tower, layout_regular_city, spider_nest_entry_webs,
          gammafunk_ghost_arena, serial_bayou, serial_bayou_ford_a,
          serial_bayou_lake_a, serial_bayou_pond_e, serial_bayou_crossing
Lair:4:   layout_loops_ring, serial_bayou_shore_b
Lair:5:   evilmike_catoblepas_cave, layout_regular_city, slime_entry_1,
          grunt_megastairs_5

Skill      XL: |  1  2  3  4  5  6  7  8  9 10 11 12 |
---------------+-------------------------------------+-----
Unarmed Combat | 4 5 6 7 8 10 12 14 16 18 | 18.1
Throwing       | 1 3 4 5 |  5.3
Fighting       | 3 4 5 6 7 8 |  8.0
Dodging        | 1 2 |  2.1
Armour         | 1 |  1.2
Spellcasting   | |  1.0
Fire Magic     | |  2.1

Action                   |  1- 3 |  4- 6 |  7- 9 | 10-12 || total
-------------------------+-------+-------+-------+-------++-------
Melee: Unarmed           |   109 |    84 |   241 |   406 ||   840
       Punch             |     2 |     3 |     6 |    30 ||    41
Throw: Javelin           |       |    28 |    20 |    49 ||    97
       Large rock        |       |       |    26 |     6 ||    32
       Boomerang         |       |       |     6 |    31 ||    37
Invok: Fiery Armour      |     1 |     1 |     3 |     8 ||    13
  Use: Scroll            |     3 |     7 |     9 |     8 ||    27
       Potion            |       |       |     4 |     2 ||     6
Armor: Robe              |    41 |    27 |    73 |   107 ||   248
Dodge: Dodged            |    34 |    34 |   135 |   238 ||   441
Block: Other             |       |       |       |     4 ||     4

Table legend:
 A = Non-vault XP
 B = Vault XP
 C = Vault XP percentage of total XP
 D = Non-vault monster count
 E = Vault monster count
 F = Vault count percentage of total count
                 A         B        C        D         E       F
            +---------+---------+-------+---------+---------+-------
      Total |   26084 |    6514 |  20.0 |     238 |      85 |  26.3
            +---------+---------+-------+---------+---------+-------
        D:1 |      51 |       0 |   0.0 |      24 |       0 |   0.0
        D:2 |      79 |      34 |  30.1 |      18 |      11 |  37.9
        D:3 |      69 |      29 |  29.6 |      13 |       9 |  40.9
        D:4 |     545 |     287 |  34.5 |      31 |       4 |  11.4
        D:5 |     224 |      42 |  15.8 |       9 |       6 |  40.0
        D:6 |     630 |     272 |  30.2 |      19 |      11 |  36.7
        D:7 |     605 |       0 |   0.0 |       4 |       0 |   0.0
        D:8 |    2171 |    1091 |  33.4 |      25 |       5 |  16.7
     Lair:1 |    5890 |    3494 |  37.2 |      26 |      34 |  56.7
     Lair:2 |    4927 |       0 |   0.0 |      22 |       0 |   0.0
     Lair:3 |    2234 |    1265 |  36.2 |      11 |       5 |  31.2
     Lair:4 |    8659 |       0 |   0.0 |      36 |       0 |   0.0
            +---------+---------+-------+---------+---------+-------
